 Dungeon Crawl Stone Soup version 0.17.1-3-g152610e (webtiles) character file.

6841 Kokonut the Covert (level 11, -6/65 (67) HPs)
             Began as a Kobold Berserker on Feb 28, 2016.
             Was a High Priest of Trog.
             Incinerated by curty's ghost (10 damage)
             ... with a sticky flame
             ... on level 10 of the Dungeon.
             The game lasted 00:45:14 (10521 turns).

Kokonut the Covert (Kobold Berserker)              Turns: 10521, Time: 00:45:14

HP:   -6/65 (67)    AC:  6    Str: 17    XL:     11   Next: 26%
MP:   11/11         EV: 24    Int:  5    God:    Trog [*****.]
Gold: 592           SH:  0    Dex: 18    Spells: 0 memorised, 10 levels left

rFire  . . .     SeeInvis .     j - +1 dagger (venom)
rCold  + . .     Clarity  .     b - +0 animal skin
rNeg   . . .     SustAt   .     (shield restricted)
rPois  .         Gourm    .     T - +2 helmet
rElec  .         Spirit   .     u - +0 cloak
rCorr  .         Warding  .     (no gloves)
rMut   .         Stasis   .     (no boots)
MR     .....                    (no amulet)
Stlth  +++.......               a - ring of protection from cold (curse)
                                f - ring of stealth

@: exhausted, liquid flames, hasted and slowed, glowing, not resistant to
hostile enchantments, fairly stealthy
A: carnivore 3
a: Berserk, Trog's Hand, Brothers in Arms, Burn Spellbooks, Renounce Religion


You were on level 10 of the Dungeon.
You worshipped Trog.
Trog was extremely pleased with you.
You were not hungry.

You visited 2 branches of the dungeon, and saw 12 of its levels.
You also visited: Ossuary.

You collected 616 gold pieces.
You spent 24 gold pieces at shops.

Inventory:

Hand Weapons
 j - a +1 dagger of venom (weapon)
 t - a +1 short sword of speed
 B - a +0 greatsling
 K - a +0 hunting sling
 U - a +2 shortbow of flaming
Missiles
 e - 327 stones (quivered)
 p - 73 bolts
 s - 22 sling bullets
 z - 70 arrows
 L - 14 bolts of flame
Armour
 b - a +0 animal skin (worn)
 u - a +0 cloak (worn)
 y - a +2 helmet
 T - a +2 helmet (worn)
Jewellery
 a - a cursed ring of protection from cold (right hand)
 f - a ring of stealth (left hand)
 S - the ring "Oziulext" {MR- Str+8 Int+4 Dex-3 SInv}
   (You found it on level 8 of the Dungeon)

   [ring of see invisible]

   It affects your strength (+8).
   It affects your intelligence (+4).
   It affects your dexterity (-3).
   It affects your resistance to hostile enchantments.
   It lets you see invisible.
 V - a +2 ring of strength
 W - an uncursed ring of sustain attributes
 Z - an uncursed ring of stealth
Wands
 o - a wand of draining (7)
 r - a wand of digging (19)
Scrolls
 d - 13 scrolls of identify
 h - 11 scrolls of remove curse
 k - 3 scrolls of noise {unknown}
 m - 3 scrolls of magic mapping {unknown}
 q - 4 scrolls of random uselessness {unknown}
 x - a scroll of immolation {unknown}
 C - a scroll of enchant armour {unknown}
 D - 4 scrolls of teleportation {unknown}
 H - 2 scrolls of enchant weapon {unknown}
 I - 2 scrolls of blinking {unknown}
 J - 3 scrolls of fog {unknown}
 M - 4 scrolls of recharging {unknown}
 N - a scroll of fear {unknown}
Potions
 l - a potion of degeneration {unknown}
 n - a potion of brilliance {unknown}
 v - 2 potions of ambrosia {unknown}
 w - 3 potions of haste
 A - 2 potions of flight {unknown}
 E - a potion of poison {unknown}
 F - 2 potions of heal wounds {unknown}
 G - 3 potions of might {unknown}
 O - a potion of resistance {unknown}
 P - a potion of curing {unknown}
 Q - a potion of beneficial mutation {unknown}
 X - a potion of mutation {unknown}
 Y - a potion of invisibility {unknown}
Comestibles
 c - 8 meat rations
 g - 2 slices of pizza
 i - 3 beef jerkies


   Skills:
 * Level 7.6 Fighting
 - Level 10.2 Short Blades
 - Level 1.5 Armour
 + Level 11.3 Dodging
 + Level 13.3 Stealth


You had 10 spell levels left.
You didn't know any spells.

Dungeon Overview and Level Annotations

Branches:
Dungeon (11/15)            Temple (1/1) D:6
   Lair: D:8-11         Orc: D:9-12

Altars:
Ashenzari
Cheibriados
Dithmenos
Elyvilon
Fedhas
Gozag
Kikubaaqudgha
Makhleb
Nemelex Xobeh
Okawaru
Qazlal
Ru
Sif Muna
Trog
Vehumet
Xom
Yredelemnul
Zin
The Shining One

Shops:
D:4 [   D:9 *

Annotations:
D:11 Josephine


Innate Abilities, Weirdness & Mutations

You are small and have problems with some larger weapons.
You are carnivorous and can eat meat at any time.


Message History

Your life force feels restored.
You are covered in liquid flames!
* * * LOW HITPOINT WARNING * * *
You feel a strong urge to attack something.
You are covered in liquid flames!
* * * LOW HITPOINT WARNING * * *
Your troll rages.
You are too berserk!
You are covered in liquid flames!
* * * LOW HITPOINT WARNING * * *
You feel your anger subside.
You are covered in liquid flames!
* * * LOW HITPOINT WARNING * * *
You are no longer berserk.
You are exhausted.
You feel yourself slow down.
Drink which item? (? for menu, Esc to quit)
It was a potion of haste.
You feel yourself speed up.
You are covered in liquid flames!
You die...

..# ##..#
..##...##
.......#
##...... ..
#.....# ..
##....# #.##
#####.$...# ..#
.####...T..)).#
..#
......†@#....##
#.##
......####..)##
#..# #....
#.)<.## #..##
#... ##....##
#...# #..
#.....####....
#.
#.......#....#
#
#..W.........#
#......<.....##
..............#


You could see a friendly troll (berserk).

Vanquished Creatures
  A troll (D:9)
  2 two-headed ogres
  A deep elf mage (D:9)
  Sigmund (D:3)
  3 hippogriffs
  A wyvern (D:10)
  A spriggan (D:9)
  3 sky beasts
  An ice beast (D:7)
  8 orc warriors
  A necrophage (D:7)
  8 ogres
  2 phantoms
  2 centaurs
  A big kobold (D:8)
  6 giant frogs
  2 gnoll sergeants
  A water moccasin zombie (D:8)
  A wyvern zombie (D:9)
  2 scorpions
  5 wights (D:10)
  2 quasits
  4 crimson imps
  A jelly (D:8)
  Crazy Yiuf (D:2)
  2 iguanas (D:9)
  5 hounds
  7 orc priests
  9 orc wizards
  Jessica (D:3)
  8 worker ants
  A hound zombie (D:4)
  2 hound skeletons
  3 mummies (Ossuary)
  A worker ant zombie (D:8)
  16 adders
  7 gnolls
  3 shadow imps
  2 oozes
  4 adder zombies
  A worm (D:6)
  4 adder skeletons
  5 giant geckos
  39 orcs
  2 ball pythons
  6 bats
  5 giant cockroaches
  5 goblins
  4 hobgoblins
  3 giant gecko skeletons
  3 giant newts
  3 goblin zombies (Ossuary)
  5 hobgoblin zombies (Ossuary)
  11 jackals
  A jackal zombie (D:8)
  12 kobolds
  2 kobold zombies (Ossuary)
  2 orc zombies (Ossuary)
  8 quokkas
  A quokka skeleton (D:6)
  2 quokka zombies (Ossuary)
  9 rats
  2 rat zombies (Ossuary)
267 creatures vanquished.

Vanquished Creatures (collateral kills)
  The ghost of curty the Thaumaturge, a journeyman DEFE of Kikubaaqudgha (D:10)
1 creature vanquished.

Grand Total: 268 creatures vanquished

Notes
Turn   | Place    | Note
--------------------------------------------------------------
     0 | D:1      | Kokonut the Kobold Berserker began the quest for the Orb.
     0 | D:1      | Reached XP level 1. HP: 14/14 MP: 1/1
   219 | D:1      | Reached XP level 2. HP: 12/19 MP: 2/2
   432 | D:1      | Reached skill level 5 in Short Blades
   488 | D:1      | Reached XP level 3. HP: 20/23 MP: 3/3
  1105 | D:2      | Reached ** piety under Trog
  1184 | D:2      | Reached skill level 6 in Short Blades
  1394 | D:3      | Noticed Jessica
  1394 | D:3      | Noticed Sigmund
  1398 | D:3      | Killed Jessica
  1398 | D:3      | Reached XP level 4. HP: 28/28 MP: 4/4
  1407 | D:3      | Killed Sigmund
  1407 | D:3      | Reached skill level 8 in Short Blades
  1407 | D:3      | Reached XP level 5. HP: 29/32 MP: 5/5
  1407 | D:3      | Reached XP level 6. HP: 33/37 MP: 6/6
  1812 | D:2      | Noticed Crazy Yiuf
  1818 | D:2      | Killed Crazy Yiuf
  1875 | D:2      | Reached skill level 9 in Short Blades
  2633 | D:3      | Reached skill level 1 in Stealth
  2774 | D:3      | Reached XP level 7. HP: 28/41 MP: 7/7
  3250 | D:5      | Entered Level 5 of the Dungeon
  3345 | D:4      | Reached *** piety under Trog
  3627 | D:4      | Found Jiwkupre's Armour Emporium.
  3679 | D:4      | Found a white marble altar of Elyvilon.
  3680 | D:4      | Found a glowing silver altar of Zin.
  3681 | D:4      | Found a glowing golden altar of the Shining One.
  3783 | D:4      | Found a deep blue altar of Sif Muna.
  4238 | D:5      | Reached skill level 10 in Short Blades
  4295 | D:5      | Reached XP level 8. HP: 46/46 MP: 8/8
  4682 | D:5      | Reached skill level 5 in Stealth
  4899 | D:6      | Reached skill level 5 in Dodging
  4976 | D:7      | Found a blossoming altar of Fedhas.
  5048 | D:6      | Found a staircase to the Ecumenical Temple.
  5353 | D:6      | Reached XP level 9. HP: 46/51 MP: 9/9
  5367 | D:6      | Reached **** piety under Trog
  5578 | Temple   | Entered the Ecumenical Temple
  5813 | D:7      | Noticed a hippogriff
  5831 | D:7      | Killed a hippogriff
  5889 | D:8      | Found a sand-covered staircase.
  5895 | Ossuary  | Entered an ossuary
  6388 | D:10     | Entered Level 10 of the Dungeon
  6513 | D:8      | Reached skill level 10 in Stealth
  6639 | D:8      | Got a vibrating lapis lazuli ring
  6713 | D:7      | Identified the ring "Oziulext" {MR- Str+8 Int+4 Dex-3 SInv} (You found it on level 8 of the Dungeon)
  6856 | D:7      | Reached XP level 10. HP: 56/56 MP: 10/10
  6864 | D:7      | Reached skill level 11 in Stealth
  7436 | D:7      | Found a stormy altar of Qazlal.
  7641 | D:8      | Reached ***** piety under Trog
  7696 | D:8      | Found an opulent altar of Gozag.
  7835 | D:9      | Reached skill level 10 in Dodging
  7903 | D:8      | Reached skill level 12 in Stealth
  8146 | D:8      | Found a stormy altar of Qazlal.
  8148 | D:8      | Found a shimmering altar of Xom.
  8796 | D:9      | Reached skill level 5 in Fighting
  9396 | D:11     | Noticed Josephine
  9572 | D:9      | Reached XP level 11. HP: 55/62 MP: 11/11
 10095 | D:9      | Found Keru's General Store.
 10103 | D:9      | Bought a scroll of identify for 24 gold pieces
 10118 | D:9      | Reached skill level 13 in Stealth
 10484 | D:10     | Noticed curty's ghost (journeyman DEFE)
 10516 | D:10     | Killed curty's ghost
 10520 | D:10     | HP: 4/97 [burnt (1)]
 10521 | D:10     | Incinerated by curty's ghost

Action                   |  1- 3 |  4- 6 |  7- 9 | 10-12 || total
-------------------------+-------+-------+-------+-------++-------
Melee: Short sword       |    37 |   105 |   525 |       ||   667
       Dagger            |    79 |    61 |    65 |   603 ||   808
 Fire: Hunting sling     |       |       |     8 |       ||     8
Invok: Berserk           |     1 |     1 |     6 |     6 ||    14
       Trog's Hand       |       |     2 |       |       ||     2
       Brothers in Arms  |       |       |       |     1 ||     1
  Use: Scroll            |       |       |     1 |       ||     1
       Potion            |       |       |       |     1 ||     1
 Stab: Sleeping          |     2 |     1 |    21 |    13 ||    37
       Distracted        |       |       |     1 |     9 ||    10
  Eat: Chunk             |    10 |     6 |    19 |    13 ||    48
